Map: Catalyst LE

Players

Lambo

  • Race: Zerg Zerg
  • Spawn Location: 11:00

SpeCial - Winner!

  • Race: Terran Terran
  • League: Master
  • Spawn Location: 5:00

Event: Memes & Dreams Invitational

VOD

Have the link to the VOD?

Description

Time

  • Played on: April 14, 2018, 5:34 a.m.
  • Length: 15:19

All games in this series

Show
View Real Time Build Order
Export as new Build Order

Lambo Zerg 

Build Orders: Hatch First 

Get SALT Encoding   

  12  0:00  Drone  
  13  0:13  Overlord  
  13  0:17  Drone  
  14  0:31  Drone x2  
  16  0:50  Hatchery  
  16  0:51  Drone  
  16  0:55  Drone  
  17  0:58  Drone  
  18  1:10  Extractor  
  17  1:14  Spawning Pool  
  17  1:18  Drone  
  17  1:20  Drone  
  18  1:29  Drone  
  19  1:41  Drone  
  20  1:52  Overlord  
  20  2:01  Queen x2  
  20  2:02  Zergling x4  
  26  2:12  Drone  
  26  2:13  Drone, Metabolic Boost  
  28  2:23  Drone x2  
  30  2:36  Queen  
  30  2:37  Queen  
  29  2:43  Overlord  
  29  2:44  Drone  
  34  2:46  Drone  
  35  3:01  Drone x3  
  38  3:09  Hatchery  
  38  3:10  Drone x2  
  39  3:14  Drone x2  
  39  3:19  Overlord  
  41  3:22  Drone  
  41  3:25  Drone x2  
  44  3:34  Overlord  
  44  3:41  Zergling x6  
  47  3:48  Queen  
  47  3:49  Queen  
  47  3:52  Drone x2  
  47  3:53  Drone  
  54  3:56  Baneling Nest  
  53  4:03  Overlord  
  53  4:06  Overlord  
  53  4:18  Spore Crawler  
  53  4:21  Drone  
  53  4:22  Drone  
  53  4:23  Drone x3  
  57  4:24  Drone, Spore Crawler  
  57  4:26  Spore Crawler  
  56  4:31  Zergling x6  
  56  4:33  Queen  
  56  4:34  Drone x3  
  56  4:36  Drone x2  
  66  4:42  Drone  
  67  4:47  Drone x3  
  70  4:54  Drone x2  
  70  4:58  Drone x2  
  74  5:00  Lair  
  74  5:02  Overlord  
  74  5:05  Extractor  
  74  5:06  Overlord  
  74  5:07  Drone x2, Evolution Chamber x2  
  72  5:09  Overlord  
  72  5:12  Overlord  
  73  5:14  Overlord  
  73  5:16  Drone  
  74  5:29  Zergling x2  
  74  5:30  Drone x4  
  74  5:33  Zerg Ground Armor Level 1, Zerg Melee Weapons Level 1  
  74  5:34  Drone  
  74  5:35  Drone x5  
  84  5:37  Drone  
  84  5:41  Drone x3  
  88  5:48  Drone x3  
  91  5:52  Extractor x2  
  91  5:53  Extractor  
  91  5:54  Extractor, Hatchery  
  91  5:55  Drone x3  
  89  5:58  Drone  
  89  5:59  Drone  
  89  6:01  Drone  
  89  6:02  Drone x2  
  94  6:08  Overlord, Hydralisk Den  
  94  6:09  Overlord  
  94  6:10  Drone x2  
  95  6:13  Overlord  
  95  6:18  Zergling x4  
  96  6:19  Centrifical Hooks  
  96  6:30  Queen  
  96  6:31  Zergling x10  
  103  6:37  Zergling x8  
  103  6:38  Zergling x6  
  110  6:40  Baneling  
  110  6:41  Baneling x3  
  110  6:45  Overlord  
  110  6:46  Zergling x4  
  112  6:51  Zergling x4  
  112  6:53  Baneling x3  
  114  6:57  Overlord  
  110  7:03  Zergling x14  
  114  7:10  Zergling x6  
  114  7:12  Zergling x2  
  114  7:13  Queen  
  114  7:14  Zergling x4  
  114  7:15  Zergling x2  
  118  7:18  Zergling x4  
  116  7:25  Zergling x4  
  116  7:27  Zergling x2  
  116  7:28  Baneling x4  
  110  7:31  Zergling x8  
  110  7:34  Zergling x2  
  112  7:39  Zergling x2  
  112  7:43  Zerg Melee Weapons Level 2  
  112  7:44  Zerg Ground Armor Level 2  
  110  7:45  Grooved Spines  
  110  7:46  Hydralisk x4  
  110  7:47  Infestation Pit  
  110  7:50  Hydralisk x2  
  121  7:54  Zergling x6, Hatchery  
  121  7:55  Zergling x2  
  124  8:02  Hydralisk x3  
  130  8:12  Overlord  
  130  8:15  Hatchery  
  130  8:16  Hydralisk x3  
  130  8:18  Overlord  
  126  8:27  Hydralisk x2, Zergling x2  
  126  8:28  Zergling x4  
  130  8:35  Zergling x2  
  130  8:36  Zergling x12  
  130  8:41  Hydralisk x3  
  133  8:49  Hydralisk x2  
  133  8:54  Zergling x2  
  138  8:56  Muscular Augments  
  138  9:00  Hive  
  138  9:01  Drone x2, Hatchery  
  139  9:03  Hydralisk  
  139  9:07  Hydralisk  
  143  9:12  Baneling  
  143  9:13  Baneling x15  
  143  9:14  Zergling x2  
  143  9:17  Zergling x4  
  143  9:19  Overlord  
  143  9:21  Baneling x4  
  143  9:22  Zergling x2  
  146  9:27  Zergling x6  
  148  9:37  Zergling x16  
  156  9:43  Zergling x8  
  160  9:47  Zergling x8  
  160  9:52  Zergling x16  
  171  10:01  Zerg Missile Weapons Level 1  
  171  10:04  Zergling x8  
  175  10:20  Zergling x2  
  176  10:21  Overlord  
  176  10:25  Overlord  
  172  10:30  Overlord  
  172  10:32  Baneling x32, Zergling x16  
  172  10:33  Hatchery  
  174  10:38  Adrenal Glands  
  174  10:40  Ultralisk Cavern  
  173  10:44  Viper  
  173  10:46  Zergling x8  
  173  10:48  Baneling x2  
  177  10:50  Zergling x2  
  177  10:54  Zergling x4  
  178  11:01  Zergling x6  
  178  11:03  Zergling x2  
  178  11:04  Zergling x6  
  179  11:11  Zergling x12  
  185  11:19  Zerg Ground Armor Level 3  
  186  11:25  Zergling x2  
  186  11:26  Zergling x8  
  186  11:29  Overseer  
  186  11:30  Zergling x2  
  186  11:31  Zergling x4  
  193  11:36  Chitinous Plating  
  193  11:38  Zergling x6  
  187  11:50  Zergling x10  
  171  11:54  Zergling x14  
  149  12:02  Ultralisk  
  149  12:05  Zergling x2  
  139  12:10  Ultralisk  
  139  12:14  Zergling x6  
  138  12:20  Zergling x2  
  138  12:21  Zergling x10  
  128  12:23  Zergling x2  
  125  12:31  Drone x5  
  123  12:37  Ultralisk  
  123  12:43  Viper  
  129  12:49  Ultralisk  
  138  12:57  Ultralisk  
  144  13:05  Drone x3  
  147  13:08  Ultralisk  
  147  13:11  Hydralisk x2  
  157  13:15  Zergling x6  
  143  13:29  Zergling x22  
  143  13:33  Zergling x6  
  157  13:36  Baneling x3  
  156  13:42  Viper  
  156  13:43  Viper  
  156  13:44  Hydralisk x2  
  164  13:55  Hydralisk x3  
  164  13:56  Hydralisk  
  164  14:01  Zergling x12  
  178  14:05  Zergling x2  
  178  14:09  Overseer  
  177  14:10  Overseer x2  
  177  14:13  Baneling x6  
  177  14:14  Zergling x8  
  181  14:19  Zergling x8  
  181  14:20  Zergling x2  
  181  14:23  Zergling x2  
  181  14:24  Zergling x4  
  188  14:31  Zergling x12  
  188  14:35  Zergling x4  
  188  14:36  Zergling x4  
  188  14:37  Baneling  
  188  14:38  Baneling x3  
  198  14:40  Zergling x2  
  198  14:41  Overseer  
  198  14:43  Baneling x4  
  199  14:46  Overlord  
  199  14:49  Zergling x2  
  199  14:52  Zergling x2  
  151  15:01  Zergling x20  
Show
View Real Time Build Order
Export as new Build Order

SpeCial Terran - Winner!

Build Orders: Hellion Opening, Reaper Expand, Bio Tank 

Get SALT Encoding   

  12  0:00  SCV  
  13  0:12  SCV  
  14  0:17  Supply Depot  
  14  0:24  SCV  
  15  0:39  SCV  
  15  0:40  Barracks  
  16  0:44  Refinery  
  16  0:51  SCV  
  17  1:03  SCV  
  18  1:15  SCV  
  19  1:28  Orbital Command  
  19  1:29  Reaper  
  20  1:41  Command Center  
  20  1:53  Supply Depot  
  20  1:54  SCV  
  21  2:01  Marine  
  21  2:06  SCV  
  23  2:09  Factory  
  23  2:17  Refinery  
  23  2:18  SCV  
  24  2:23  Barracks Reactor  
  24  2:30  SCV  
  25  2:42  SCV  
  26  2:54  Starport  
  26  2:55  Orbital Command  
  26  3:00  SCV  
  26  3:05  Hellion x2  
  31  3:09  Barracks Tech Lab  
  31  3:12  SCV  
  32  3:20  Supply Depot, SCV  
  32  3:26  Hellion x2  
  37  3:33  SCV  
  38  3:35  SCV  
  38  3:38  Raven  
  41  3:44  Supply Depot  
  41  3:45  SCV  
  41  3:47  SCV  
  43  3:49  Hellion x2  
  47  3:57  SCV  
  47  3:59  SCV  
  47  4:01  Barracks Tech Lab  
  49  4:07  Command Center  
  49  4:09  SCV  
  50  4:13  Supply Depot  
  50  4:15  SCV  
  51  4:20  Marine  
  51  4:21  SCV  
  53  4:24  Stimpack  
  53  4:27  SCV  
  53  4:30  Barracks  
  54  4:33  SCV  
  54  4:37  Marine  
  54  4:38  Barracks  
  56  4:39  SCV  
  56  4:43  Starport Reactor  
  57  4:46  Siege Tank, SCV  
  57  4:51  SCV  
  62  4:55  Marine  
  62  4:58  SCV  
  64  5:02  Engineering Bay  
  64  5:03  SCV  
  65  5:10  SCV  
  65  5:13  Marine, Engineering Bay  
  67  5:15  SCV  
  67  5:16  Refinery  
  67  5:17  Refinery  
  67  5:18  Marine  
  67  5:19  Marine  
  70  5:24  Orbital Command  
  70  5:27  Starport Reactor  
  70  5:28  SCV  
  71  5:31  Marine  
  71  5:34  Siege Tank  
  71  5:35  SCV  
  76  5:41  Marine, Terran Infantry Weapons Level 1, Terran Infantry Armor Level 1  
  76  5:42  Marine x2  
  79  5:44  SCV  
  79  5:45  Marine  
  79  5:49  Marine  
  82  5:56  SCV  
  83  5:58  Orbital Command  
  83  5:59  Marine x2  
  85  6:06  Supply Depot  
  85  6:07  Supply Depot  
  85  6:12  Marine x3, Medivac x2  
  85  6:14  Barracks  
  85  6:15  Barracks, SCV  
  93  6:27  Marine x2  
  93  6:28  Siege Tank, SCV x3  
  93  6:29  Combat Shields  
  93  6:30  Supply Depot, Marine x3  
  104  6:40  SCV x3  
  104  6:42  Medivac  
  109  6:51  Marine x5, Medivac  
  109  6:52  Supply Depot, SCV x2  
  117  7:06  SCV  
  117  7:14  Marine, SCV x2, Refinery  
  120  7:15  Marine x2, Supply Depot  
  120  7:16  Refinery  
  120  7:18  SCV  
  120  7:20  Armory  
  123  7:25  Marine  
  123  7:26  SCV x2  
  123  7:28  Medivac  
  118  7:31  SCV  
  118  7:33  Medivac  
  121  7:38  SCV  
  121  7:42  Marine x4  
  121  7:43  Barracks Reactor  
  121  7:44  Siege Tank, Barracks Reactor  
  103  7:45  SCV x2  
  103  7:47  Marine  
  103  7:50  SCV  
  110  7:54  Factory  
  111  7:58  SCV x2  
  111  7:59  Marine  
  111  8:00  Marine x3, Sensor Tower  
  111  8:02  SCV  
  111  8:05  Command Center  
  117  8:07  Marine  
  117  8:10  Medivac  
  117  8:11  Medivac  
  122  8:15  Supply Depot  
  122  8:17  Marine x2  
  122  8:18  Marine  
  125  8:23  Siege Tank  
  122  8:27  Marine x2  
  122  8:32  Marine x2  
  122  8:33  Marine x2  
  120  8:35  Marine x2  
  120  8:36  Liberator  
  120  8:37  Terran Infantry Armor Level 2, Terran Infantry Weapons Level 2  
  120  8:41  SCV x2  
  119  8:43  Factory Tech Lab  
  119  8:45  SCV, Liberator  
  119  8:47  Marine x2  
  121  8:50  Marine x2  
  121  8:53  SCV  
  127  8:55  Siege Tank  
  127  8:57  Supply Depot x2  
  127  8:59  Marine, Supply Depot, Command Center  
  127  9:00  Supply Depot  
  131  9:05  Marine x3  
  131  9:07  Marine x2  
  131  9:08  Marine  
  140  9:13  Terran Vehicle Weapons Level 1  
  140  9:16  Siege Tank  
  143  9:17  Marine x2  
  143  9:22  Marine  
  143  9:23  Marine  
  143  9:24  Marine x2  
  147  9:25  Marine  
  147  9:26  SCV  
  151  9:32  Siege Tank  
  154  9:39  Marine  
  154  9:41  Marine  
  154  9:45  Marine  
  157  9:48  Siege Tank  
  157  9:49  Marine  
  157  9:50  Marine  
  162  9:54  Supply Depot  
  162  9:55  Barracks, Marine  
  162  9:56  Barracks  
  162  9:58  Barracks  
  162  10:01  Marine x4  
  162  10:04  Marine, Siege Tank  
  170  10:08  Medivac  
  170  10:09  Marine x3  
  170  10:13  Marine  
  167  10:19  Marine x4  
  171  10:22  Marine  
  171  10:26  Siege Tank  
  171  10:27  Marine x3  
  171  10:31  Marine  
  159  10:36  Siege Tank  
  159  10:37  Marine x3  
  159  10:39  Planetary Fortress  
  165  10:44  SCV x3  
  165  10:48  Marine  
  165  10:49  Marine x2  
  171  10:54  Terran Infantry Weapons Level 3  
  168  10:57  Marine x2  
  170  11:04  Marine x2  
  170  11:06  Marine  
  170  11:08  SCV x2  
  174  11:12  Marine x3  
  174  11:13  Marine x2, Barracks Tech Lab, Marauder  
  174  11:18  Terran Infantry Armor Level 3, Terran Vehicle Weapons Level 2  
  175  11:19  Marine  
  176  11:25  Medivac  
  176  11:26  Medivac  
  176  11:28  Siege Tank  
  183  11:34  Marine x3, Marauder  
  183  11:37  Marine x3, Marauder  
  182  11:48  Marine x2  
  182  11:50  Siege Tank  
  123  12:09  Marine  
  123  12:10  Marine x3, Marauder  
  123  12:13  Medivac  
  123  12:14  Medivac  
  115  12:18  Siege Tank  
  115  12:22  Marine x4  
  113  12:23  Marine  
  113  12:27  Marine x2  
  113  12:28  Marine x2, Siege Tank  
  119  12:31  Marine  
  119  12:37  Barracks Tech Lab x2, Ghost Academy  
  119  12:39  Marine  
  119  12:40  Marine x3  
  119  12:41  Command Center, Marauder  
  119  12:43  SCV x3  
  127  12:45  Marine x4  
  127  12:49  Refinery, Marauder  
  127  12:50  Siege Tank, Refinery  
  136  12:51  Sensor Tower  
  136  12:56  Concussive Shells  
  136  12:57  Marine x3  
  138  13:00  Siege Tank  
  138  13:02  Marauder  
  138  13:04  Marine x3, Marauder  
  148  13:08  Command Center, Liberator x2  
  148  13:10  Marine x2  
  148  13:11  Marine, Marauder  
  153  13:15  Marine  
  154  13:22  Marine, Siege Tank  
  154  13:23  Ghost  
  154  13:24  Marine  
  154  13:25  Ghost  
  168  13:28  Personal Cloaking  
  168  13:30  Marine  
  168  13:32  Siege Tank  
  169  13:44  Ghost  
  169  13:45  Marine x2  
  170  13:53  Ghost  
  170  13:54  Siege Tank  
  170  13:55  Marine, Marauder  
  175  13:57  Ghost  
  175  13:58  Marine x5  
  182  14:06  Marine x2  
  184  14:12  Marine  
  184  14:13  Ghost  
  184  14:14  Medivac  
  184  14:15  Marine  
  190  14:17  Medivac  
  190  14:18  Marine  
  190  14:20  Missile Turret  
  190  14:21  Missile Turret  
  190  14:22  Ghost  
  195  14:30  Ghost  
  197  14:31  Marine  
  197  14:32  Marine  
  197  14:34  Missile Turret  
  191  14:59  Marine x2  
Tags
 
Add a new tag
Caveats
  • Supply blocks, unpowered buildings, or Contaminate may cause inaccurate times.
  • Supply counts are checked every 10 seconds.